 Dungeon Crawl Stone Soup version 0.31-a0-803-g95b03c3367 (webtiles) character file.

Game seed: 549966004927543732

1978 cforsyth the Fighter (level 9, -6/63 HPs)
             Began as a Djinni Enchanter on Sept 20, 2023.
             Was a Follower of Hepliaklqana.
             Mangled by an orc warrior
             ... wielding a +0 battleaxe
              (19 damage)
             ... on level 7 of the Dungeon.
             The game lasted 00:09:57 (6492 turns).

cforsyth the Fighter (Djinni Enchanter)             Turns: 6492, Time: 00:09:58

Health: -6/63      AC:  2    Str:  7    XL:     9   Next: 43%
Gold:   275        EV: 12    Int: 21    God:    Hepliaklqana [*.....] SH:  0 Dex: 14

rFire   + + .        f - +1 dagger (protect)
rCold   x . .        (no shield)
rNeg    . . .        n - +0 robe {Will+}
rPois   ∞            (no helmet)
rElec   .            (no cloak)
rCorr   .            (no gloves)
SInv    .            (boots unavailable)
Will    +....        (no amulet)
Stlth   ++           (no ring)
HPRegen 0.30/turn    (no ring)
MPRegen 0.00/turn

%: infuse magic (-7 HP)
@: flying, invisible
A: reduced essence, sickness immunity, fire resistance 2, cold vulnerability 1,
float, innate caster, HP casting, extra vitality 1
a: Renounce Religion, Recall Ancestor, Ancestor Identity


You were on level 7 of the Dungeon.
You worshipped Hepliaklqana.
Hepliaklqana was aware of your devotion.
You visited 2 branches of the dungeon, and saw 8 of its levels.

You collected 275 gold pieces.

Inventory:

Hand Weapons
 a - a +1 dagger
 f - a +1 dagger of protection (weapon)
Armour
 n - a +0 robe of willpower (worn)
Jewellery
 m - an amulet of reflection
 p - a ring of willpower
Wands
 r - a wand of roots (3)
Scrolls
 b - a scroll of enchant weapon {unknown}
 h - 11 scrolls of teleportation {unknown}
 i - 2 scrolls of amnesia {unknown}
 l - 7 scrolls of identify {unknown}
 o - a scroll of blinking {unknown}
Potions
 c - a potion of invisibility
 d - 2 potions of heal wounds {unknown}
 e - a potion of mutation {unknown}
 g - 2 potions of berserk rage {unknown}
 j - 2 potions of haste {unknown}
 k - 2 potions of attraction {unknown}
 q - a potion of enlightenment {unknown}
 s - a potion of resistance {unknown}
 t - a potion of lignification {unknown}


   Skills:
 + Level 8.1 Fighting
 - Level 1.2 Short Blades
 - Level 2.4 Dodging
 - Level 2.6 Stealth
 + Level 6.7 Spellcasting
 + Level 6.7 Conjurations
 + Level 6.7 Hexes
 + Level 6.7 Summonings
 + Level 6.7 Necromancy
 + Level 6.7 Translocations
 + Level 6.7 Transmutations
 + Level 6.7 Fire Magic
 + Level 6.7 Ice Magic
 + Level 6.7 Air Magic
 + Level 6.7 Earth Magic
 + Level 6.7 Poison Magic


You knew the following spells:

 Your Spells              Type           Power      Damage    Failure   Level
a - Ensorcelled Hibernat  Hex/Ice        70%        N/A       1%          2
b - Confusing Touch       Hex            35%        N/A       1%          3
c - Tukima's Dance        Hex            35%        N/A       1%          3
d - Dazzling Flash        Conj/Hex       70%        N/A       1%          3
e - Kiss of Death         Conj/Necr      100%       2d13      1%          1
f - Jinxbite              Hex            70%        N/A       1%          2
g - Scorch                Fire           70%        2d7       1%          2
h - Leda's Liquefaction   Hex/Erth       17%        N/A       5%          4
Your spell library was empty.

Dungeon Overview and Level Annotations

Branches:
Dungeon (7/15)             Temple (1/1) D:4

Altars:
Ashenzari
Elyvilon
Fedhas
Gozag
Hepliaklqana
Makhleb
Okawaru
Qazlal
Ru
Trog
Uskayaw
Wu Jian
Xom
Yredelemnul
Zin

Shops:
D:4 !


Innate Abilities, Weirdness & Mutations

Your life essence is reduced to manifest your ancestor. (-10% HP)
You are immune to sickness and miasma.
You are immune to poison.
Your flesh is very heat resistant. (rF++)
You are vulnerable to cold. (rC-)
You float through the air rather than walking.
You learn spells naturally, not from books.
Your magical power is your life essence.
You have superior vitality. (+4 MHP)


Message History

Iltani is destroyed!
Flames lash the orc warrior.
The orc warrior is moderately wounded.
The orc warrior's fire resistance burns away.
Flames lash the orc warrior.
The orc warrior is burned terribly!
The orc warrior is heavily wounded.
Flames lash the orc warrior.
The orc warrior is burned terribly!
The orc warrior is severely wounded.
The orc warrior closely misses you.
Flames lash something.
Reactivating autopickup.
You feel a bit more experienced.
The orc warrior hits you with a +0 battleaxe!
Flames lash the orc.
You kill the orc!
The orc warrior hits you with a +0 battleaxe!
You are too injured to fight recklessly!
Okay, then.
You fade into invisibility!
The orc warrior hits you but does no damage.
Casting: Scorch (safe; 1% risk of failure)
Confirm with . or Enter, or press ? or * to list all spells.
Flames lash the orc but do no damage.
* * * LOW HITPOINT WARNING * * *
Casting: Scorch (safe; 1% risk of failure)
Confirm with . or Enter, or press ? or * to list all spells.
Flames lash the orc.
You kill the orc!
* * * LOW HITPOINT WARNING * * *
Casting: Scorch (safe; 1% risk of failure)
Confirm with . or Enter, or press ? or * to list all spells.
Flames lash the orc warrior but do no damage.
* * * LOW HITPOINT WARNING * * *
Casting: Scorch (safe; 1% risk of failure)
Confirm with . or Enter, or press ? or * to list all spells.
Flames lash the orc warrior.
The orc warrior is burned terribly!
The orc warrior is severely wounded.
* * * LOW HITPOINT WARNING * * *
The orc warrior hits you with a +0 battleaxe!!
You die...

...# ...+ ##...# ##.o.)#
###### ..o..# #....#
#.R..# #.##.# #....#
#.##.#######.#### ###
#.##..@o.))[.# ..#
#.############ #.###
#.#############
#...#######.#...........#
###.#.>..##.#...........#
~~#......##.'...........#
.~###....####...........#
.~# #....# #...........#
.~# #....####......<....#


You could see an orc warrior (unable to see you, combustible).

Vanquished Creatures
  Sigmund (D:2)
  Menkaure (D:5)
  An orc warrior (D:7)
  An ice beast (D:6)
  4 ogres
  A bullfrog (D:6)
  7 scorpions
  A hound (D:5)
  2 orc priests
  4 iguanas
  Natasha (thrice) (D:2)
  5 orc wizards
  10 gnolls
  8 adders
  A shadow imp (D:6)
  2 white imps
  2 ufetubi
  2 worms
  4 dart slugs
  15 orcs
  4 bats
  7 endoplasms
  A giant cockroach (D:4)
  7 goblins
  4 hobgoblins
  4 jackals (D:2)
  8 kobolds
  4 quokkas
  3 ball pythons
  15 frilled lizards
  A rat (D:1)
133 creatures vanquished.

Vanquished Creatures (others)
  An ancestor (D:7)
1 creature vanquished.

Grand Total: 134 creatures vanquished

Notes
Turn   | Place    | Note
-------+----------+-------------------------------------------
     0 | D:1      | cforsyth the Djinni Enchanter began the quest for the Orb.
     0 | D:1      | cforsyth set off with the following spells memorised:
                  | Ensorcelled Hibernation, Confusing Touch, Tukima's Dance,
                  | Dazzling Flash.
     0 | D:1      | Reached XP level 1. HP: 15/15 MP: 0/0
    36 | D:1      | Reached skill level 1 in Short Blades
   139 | D:1      | Reached XP level 2. HP: 21/21 MP: 0/0
   652 | D:2      | Reached XP level 3. HP: 25/26 MP: 0/0
   652 | D:2      | Learned a level 1 spell: Kiss of Death
   781 | D:2      | Reached skill level 1 in Fighting
   880 | D:2      | Reached XP level 4. HP: 28/32 MP: 0/0
   953 | D:2      | Noticed Natasha
   962 | D:2      | Killed Natasha
   963 | D:2      | Reached skill level 2 in Fighting
  1165 | D:2      | Noticed Natasha
  1169 | D:2      | Killed Natasha
  1170 | D:2      | Reached XP level 5. HP: 22/29 MP: 0/0
  1170 | D:2      | Learned a level 2 spell: Jinxbite
  1201 | D:2      | Noticed Natasha
  1861 | D:2      | Killed Natasha
  1862 | D:2      | Reached skill level 3 in Fighting
  2135 | D:2      | Reached XP level 6. HP: 35/36 MP: 0/0
  2154 | D:2      | Noticed Sigmund
  2172 | D:2      | Killed Sigmund
  2173 | D:2      | Reached skill level 4 in Fighting
  2511 | D:3      | Reached XP level 7. HP: 50/52 MP: 0/0
  2511 | D:3      | Learned a level 2 spell: Scorch
  3255 | D:4      | Found Geri's Distillery.
  3745 | D:4      | Reached skill level 5 in Fighting
  3806 | D:4      | Reached skill level 5 in Spellcasting
  3806 | D:4      | Reached skill level 5 in Conjurations
  3806 | D:4      | Reached skill level 5 in Hexes
  3806 | D:4      | Reached skill level 5 in Summonings
  3806 | D:4      | Reached skill level 5 in Necromancy
  3806 | D:4      | Reached skill level 5 in Translocations
  3806 | D:4      | Reached skill level 5 in Transmutations
  3806 | D:4      | Reached skill level 5 in Fire Magic
  3806 | D:4      | Reached skill level 5 in Ice Magic
  3806 | D:4      | Reached skill level 5 in Air Magic
  3806 | D:4      | Reached skill level 5 in Earth Magic
  3806 | D:4      | Reached skill level 5 in Poison Magic
  3935 | D:4      | Found a staircase to the Ecumenical Temple.
  3978 | D:4      | Reached XP level 8. HP: 33/59 MP: 0/0
  4077 | Temple   | Entered the Ecumenical Temple
  4092 | Temple   | Became a worshipper of Hepliaklqana the Forgotten
  4320 | D:5      | Entered Level 5 of the Dungeon
  4320 | D:5      | Noticed Menkaure
  4326 | D:5      | Killed Menkaure
  4409 | D:5      | Reached skill level 6 in Fighting
  5169 | D:5      | Reached * piety under Hepliaklqana
  5505 | D:6      | Reached skill level 7 in Fighting
  5505 | D:6      | Reached XP level 9. HP: 47/61 MP: 0/0
  5505 | D:6      | Learned a level 4 spell: Leda's Liquefaction
  6164 | D:7      | Reached skill level 8 in Fighting
  6467 | D:7      | Identified the +1 leather armour of the Orcish Mines {rF+
                  | rCorr Slay-2 Stlth+}
  6492 | D:7      | Mangled by an orc warrior

Illustrated notes

Levels and vault maps discovered:
D:1:      spicycebolla_green_bress_n_ham_2, layout_basic, minmay_misc_feat_tower
D:2:      layout_basic, uniq_sigmund, uniq_natasha
D:3:      layout_basic
D:4:      layout_loops_ring, minmay_temple_entry_enclosed_plants, serial_shops,
          shop_statue, minmay_lizard_king
D:5:      layout_rooms, uniq_menkaure
D:6:      layout_loops_ring, minmay_misc_feat_pillars
D:7:      layout_basic, kennysheep_minor_cross, minmay_shop_grid_forest
Temple:   eino_narrow_crystal_temple

Skill      XL: |  1  2  3  4  5  6  7  8  9 |
---------------+----------------------------+-----
Short Blades   | 1 |  1.2
Spellcasting   | 3 4 5 6 |  6.7
Conjurations   | 3 4 5 6 |  6.7
Hexes          | 3 4 5 6 |  6.7
Summonings     | 3 4 5 6 |  6.7
Necromancy     | 3 4 5 6 |  6.7
Translocations | 3 4 5 6 |  6.7
Transmutations | 3 4 5 6 |  6.7
Fire Magic     | 3 4 5 6 |  6.7
Ice Magic      | 3 4 5 6 |  6.7
Air Magic      | 3 4 5 6 |  6.7
Earth Magic    | 3 4 5 6 |  6.7
Poison Magic   | 3 4 5 6 |  6.7
Fighting       | 1 2 3 4 5 7 8 |  8.1
Dodging        | |  2.4
Stealth        | |  2.6

Action                     |  1- 3 |  4- 6 |  7- 9 || total
---------------------------+-------+-------+-------++-------
  Melee: Dagger            |   107 |   112 |    12 ||   231
         Punch             |     2 |     2 |       ||     4
   Cast: Kiss of Death     |       |     4 |       ||     4
         Ensorcelled Hiber |       |     9 |       ||     9
         Scorch            |       |       |   171 ||   171
 Invoke: Recall Ancestor   |       |       |     1 ||     1
    Use: Potion            |       |       |     1 ||     1
   Stab: Sleeping          |     2 |     6 |       ||     8
 Armour: Robe              |    68 |    61 |    47 ||   176
  Dodge: Dodged            |    60 |    68 |    31 ||   159

Table legend: (Time is in decaauts)
 A = Elapsed time spent in this place.
 B = Non-inter-level travel time spent in this place.
 C = Inter-level travel time spent in this place.
 D = Time resting spent in this place.
 E = Time spent auto-exploring this place.
 F = Levels seen in this place.
 G = Mean time per level.
                   A        B        C        D        E       F      G
               +--------+--------+--------+--------+--------+-----+--------+
         Total |   6478 |   6189 |    289 |    758 |   4395 |   8 |  809.8 |
       Dungeon |   6447 |   6187 |    260 |    758 |   4395 |   7 |  921.0 |
        Temple |     30 |      1 |     29 |      0 |      0 |   1 |   30.0 |
               +--------+--------+--------+--------+--------+-----+--------+

Top non-repeatable levels by time:
     D:1: 1274 daAuts
     D:2: 1113 daAuts
     D:4: 1038 daAuts
     D:5: 906 daAuts
     D:6: 859 daAuts
     D:3: 850 daAuts
     D:7: 404 daAuts
  Temple: 30 daAuts
